Remparts vs Sewer Rats
(R2)
Created - February 14, 2020 at 20:26
Goals
|
| Remparts |
0 |
2 |
2 |
0 |
2 |
5 |
| Sewer Rats |
3 |
1 |
0 |
0 |
0 |
4 |
|
Shots
|
| Remparts |
11 |
13 |
8 |
0 |
2 |
32 |
| Sewer Rats |
13 |
12 |
6 |
1 |
2 |
32 |
|
1st period
1. Sewer Rats , Mark Mancari 35 (Jonathan Marchessault 32, Steven Kampfer 31) at 0:10
2. Sewer Rats , Nick Cousins 18 (Erik Condra 27, Daniel Carr 20) at 12:06 (PP)
3. Sewer Rats , Erik Condra 25 (Daniel Carr 21, Marek Mazanek) at 16:06 (PP)
Penalties :
Pontus Aberg (Que) for Slashing (Minor) at 4:54, Roberts Lipsbergs (Que) for Hooking (Minor) at 10:43, Pontus Aberg (Que) for Tripping (Minor) at 14:32, Michal Jordan (Que) for Delaying the game (Minor) at 19:25
2nd period
4. Remparts , Max Reinhart 21 (Pontus Aberg 25, Rickard Rakell 12) at 3:35
5. Sewer Rats , Jonathan Marchessault 22 (Mark Mancari 41) at 5:48 (PP)
6. Remparts , Jonathan Matsumoto 5 (Guillaume Desbiens 29, Rickard Rakell 13) at 7:45
Penalties :
Tomas Tatar (Tol) for Hooking (Minor) at 3:38, Jonathan Matsumoto (Que) for Hooking (Minor) at 3:52, Michal Jordan (Que) for Tripping (Minor) at 4:06, Nelson Nogier (Que) for Hooking (Minor) at 11:39, Brendan Perlini (Que) for Roughing (Minor) at 19:41
3rd period
7. Remparts , Rickard Rakell 9 (Max Reinhart 38) at 3:51 (PP)
8. Remparts , Max Reinhart 22 (Rickard Rakell 14, Pontus Aberg 26) at 4:14 (PP)
Penalties :
Erik Condra (Tol) for Tripping (Minor) at 3:49, Tomas Tatar (Tol) for Hooking (Minor) at 4:02, Jonathan Marchessault (Tol) for Hooking (Minor) at 5:26, Michal Jordan (Que) for Hooking (Minor) at 7:21, Jared McCann (Tol) for Holding (Minor) at 15:42
Overtime #1
No Goal
Penalties :
No Penalty
Shootout
Remparts, Jonathan Matsumoto - Goal!
Sewer Rats, Mark Mancari - Stopped by Igor Bobkov
Remparts, Cédric Lalonde-McNicoll - Goal!
Sewer Rats, Tomas Tatar - Stopped by Igor Bobkov
Penalties :
No Penalty
Goalie Stats
Garret Sparks (Que), 15 saves from 19 shots - (0.789), 25:48 minutes
Igor Bobkov (Que), 13 saves from 13 shots - (1.000), W, 9-7-1, 39:12 minutes
Marek Mazanek (Tol), 28 saves from 32 shots - (0.875), OTL, 25-6-3, 65:00 minutes
Players Stats for Remparts
Player Name G A P +/- PIM S H SB GA TA FO MP PP MP PK MP
------------------------------------------------------------------------------------
Brendan Perlini 0 0 0 1 2 1 1 0 0 0 1/1 14:22 1:46 0:00
Cédric Lalonde-McNicoll 0 0 0 0 0 4 2 0 1 1 7/12 12:51 0:00 4:14
Guillaume Desbiens 0 1 1 1 0 2 4 1 0 1 0/1 18:36 1:57 4:14
Jake Virtanen 0 0 0 0 0 0 0 0 0 0 0/0 7:12 0:00 1:40
Jonathan Matsumoto 1 0 1 1 2 4 2 0 0 0 2/11 16:10 1:45 0:07
Keaton Thompson 0 0 0 0 0 0 0 1 0 1 0/0 19:20 1:56 2:19
Matt Puempel 0 0 0 0 0 0 1 0 0 0 0/0 9:23 0:00 0:18
Max Reinhart 2 1 3 0 0 4 2 0 0 0 21/44 28:08 2:19 9:08
Michal Jordan 0 0 0 0 6 1 4 2 0 1 0/0 28:45 2:25 4:30
Nail Yakupov 0 0 0 0 0 5 0 0 0 0 1/1 9:07 0:09 0:00
Nelson Nogier 0 0 0 0 2 0 0 0 0 0 0/0 12:02 0:00 0:45
Niklas Hansson 0 0 0 0 0 0 0 1 0 0 0/0 7:13 0:00 2:33
Pontus Aberg 0 2 2 0 4 2 1 0 1 0 0/1 16:39 2:10 0:00
Rickard Rakell 1 3 4 0 0 4 5 0 1 0 0/1 26:47 2:06 7:53
Roberts Lipsbergs 0 0 0 0 2 0 1 0 0 0 0/0 9:18 0:17 0:39
Sam Reinhart 0 0 0 0 0 1 0 0 0 0 2/2 7:52 0:36 0:00
Viktor Baldayev 0 0 0 1 0 1 2 4 0 2 0/0 27:47 1:56 8:22
William Colbert 0 0 0 1 0 3 1 0 0 2 0/0 31:32 2:26 10:44
Players Stats for Sewer Rats
Player Name G A P +/- PIM S H SB GA TA FO MP PP MP PK MP
------------------------------------------------------------------------------------
Anthony Duclair 0 0 0 0 0 2 0 0 1 1 0/1 11:31 0:00 1:14
Connor Carrick 0 0 0 0 0 0 0 0 1 0 0/0 9:30 0:10 0:00
Daniel Carr 0 2 2 -1 0 6 1 0 0 0 0/1 21:10 6:05 1:47
Dmitrij Jaskin 0 0 0 -1 0 0 0 1 0 0 0/3 9:37 0:10 0:00
Erik Condra 1 1 2 -1 2 4 2 0 0 0 0/0 19:33 6:05 0:34
Jared McCann 0 0 0 0 2 0 0 0 0 0 1/3 8:15 0:00 0:00
Jarred Tinordi 0 0 0 0 0 1 1 0 0 0 0/0 21:37 5:17 1:33
Joel Edmundson 0 0 0 0 0 0 2 1 1 1 0/0 21:37 5:17 1:33
John Ramage 0 0 0 0 0 0 0 0 0 0 0/0 8:57 0:00 0:00
Jonathan Marchessault 1 1 2 1 2 3 3 3 0 0 21/35 19:59 6:56 0:00
Jonathan Racine 0 0 0 0 0 0 0 0 0 0 0/0 3:07 0:00 0:00
Joseph Blandisi 0 0 0 -1 0 1 1 0 0 0 0/0 6:23 0:00 0:09
Mark Mancari 1 1 2 1 0 1 1 0 1 0 7/12 25:55 7:01 2:26
Martin Frk 0 0 0 0 0 4 1 0 1 0 1/1 12:25 0:15 0:00
Nick Cousins 1 0 1 -1 0 3 0 1 0 0 8/16 18:06 6:05 0:34
Stefan Elliott 0 0 0 -1 0 3 2 1 0 0 0/0 31:07 7:59 2:49
Steven Kampfer 0 1 1 -1 0 3 4 0 2 0 0/0 31:07 7:59 2:49
Tomas Tatar 0 0 0 1 4 1 4 0 1 1 1/1 24:15 7:01 2:00
Tyler Motte 0 0 0 -1 0 0 0 0 0 0 1/1 6:14 0:00 0:00
Xavier Ouellet 0 0 0 0 0 0 0 0 0 0 0/0 3:19 0:00 0:00
3 Stars
1 - Rickard Rakell (Que)
2 - Max Reinhart (Que)
3 - Jonathan Marchessault (Tol)
Power Play
Remparts - 2 on 5 Attempt(s) - 40.00%
Sewer Rats - 3 on 9 Attempt(s) - 33.33%
Penalty Kill
Remparts - 6 on 9 Attempt(s) - 66.67%
- Score 0 goal in Penalty Kill
Sewer Rats - 3 on 5 Attempt(s) - 60.00%
- Score 0 goal in Penalty Kill
Team Stat
Remparts - Hits : 26 - Faceoff Wins : 34 - Blocked Shots : 9 - Penalty Minutes : 18
Sewer Rats - Hits : 22 - Faceoff Wins : 40 - Blocked Shots : 7 - Penalty Minutes : 10
Official
Referees : Unknown
Linesman : Unknown
Game Notes
Niklas Hansson is injured at 17:50 of 1st period (Right Hand)
Igor Bobkov enters game at 5:48 of 2nd period
Jared McCann is injured at 17:49 of 3rd period (Abdominal Strain)
Finance
Level 1 -- Attendance: 1526 (76.30%) -- Ticket Income $53,410
Level 2 -- Attendance: 1000 (100.00%) -- Ticket Income $17,000
Total Attendance: 2526 (84.20%)
Total Ticket Income: $70,410
Other Income: $3,520
Total Income: $73,930
Remparts
5 vs 5 Forward
Center Left Wing Right Wing Time % Phy DF OF
1 Max Reinhart Pontus Aberg Rickard Rakell 40 1 2 2
2 Jonathan Matsumoto Brendan Perlini Guillaume Desbiens 30 1 2 2
3 Cédric Lalonde-McNicoll Matt Puempel Nail Yakupov 20 1 2 2
4 Sam Reinhart Roberts Lipsbergs Jake Virtanen 10 1 2 2
5 vs 5 Defense
Defense Defense Time % Phy DF OF
1 William Colbert Michal Jordan 40 1 2 2
2 Viktor Baldayev Niklas Hansson 30 1 2 2
3 Keaton Thompson Nelson Nogier 20 1 2 2
4 William Colbert Michal Jordan 10 1 2 2
PowerPlay Forward
Center Left Wing Right Wing Time % Phy DF OF
1 Max Reinhart Pontus Aberg Rickard Rakell 60 1 2 2
2 Jonathan Matsumoto Brendan Perlini Guillaume Desbiens 40 1 2 2
PowerPlay Defense
Defense Defense Time % Phy DF OF
1 William Colbert Michal Jordan 60 1 2 2
2 Viktor Baldayev Keaton Thompson 40 1 2 2
Penalty Kill 4 Players Forward
Center Wing Time % Phy DF OF
1 Max Reinhart Rickard Rakell 60 1 2 2
2 Cédric Lalonde-McNicoll Guillaume Desbiens 40 1 2 2
Penalty Kill 4 Players Defense
Defense Defense Time % Phy DF OF
1 William Colbert Niklas Hansson 60 1 2 2
2 Michal Jordan Viktor Baldayev 40 1 2 2
Penalty Kill - 3 Players Forward
Forward Time % Phy DF OF
1 Max Reinhart 60 1 2 2
2 Rickard Rakell 40 1 2 2
Penalty Kill - 3 Players Defense
Defense Defense Time % Phy DF OF
1 William Colbert Niklas Hansson 60 1 2 2
2 Michal Jordan Viktor Baldayev 40 1 2 2
4 vs 4 Forward
Center Wing Time % Phy DF OF
1 Max Reinhart Rickard Rakell 60 1 2 2
2 Jonathan Matsumoto Pontus Aberg 40 1 2 2
4 vs 4 Defense
Defense Defense Time % Phy DF OF
1 William Colbert Michal Jordan 60 1 2 2
2 Viktor Baldayev Niklas Hansson 40 1 2 2
Last Minutes Offensive
Center Left Wing Right Wing Defense Defense
Max Reinhart Pontus Aberg Rickard Rakell Michal Jordan Niklas Hansson
Last Minutes Defensive
Center Left Wing Right Wing Defense Defense
Max Reinhart Pontus Aberg Rickard Rakell Michal Jordan Niklas Hansson
Goaltenders
Starting : Garret Sparks
Backup : Igor Bobkov
Extra Forwards
Normal : Sam Reinhart, Rickard Rakell, Max Reinhart - PP : Sam Reinhart, Rickard Rakell - PK : Jake Virtanen
Extra Defensemen
Normal : Viktor Baldayev, Niklas Hansson, Michal Jordan - PP : Niklas Hansson - PK : Michal Jordan, Niklas Hansson
Penalty Shots
Jonathan Matsumoto, Cédric Lalonde-McNicoll, Rickard Rakell, Pontus Aberg, Max Reinhart
Scratches
Juuso Ikonen (Healthy), Michael Downing (Healthy), Colin Smith (Healthy), Kyle Platzer (Healthy), Connor Honey (Healthy)
Anton Zlobin (Healthy), Mitchell Heard (Healthy), Tim Bozon (Healthy), Marek Langhamer (Healthy)
Sewer Rats
5 vs 5 Forward
Center Left Wing Right Wing Time % Phy DF OF
1 Jonathan Marchessault Tomas Tatar Mark Mancari 40 1 2 2
2 Nick Cousins Daniel Carr Erik Condra 30 1 2 2
3 Jared McCann Anthony Duclair Martin Frk 20 1 2 2
4 Tyler Motte Joseph Blandisi Dmitrij Jaskin 10 1 2 2
5 vs 5 Defense
Defense Defense Time % Phy DF OF
1 Stefan Elliott Steven Kampfer 40 1 2 2
2 Jarred Tinordi Joel Edmundson 30 1 2 2
3 John Ramage Connor Carrick 20 1 2 2
4 Xavier Ouellet Jonathan Racine 10 1 2 2
PowerPlay Forward
Center Left Wing Right Wing Time % Phy DF OF
1 Jonathan Marchessault Tomas Tatar Mark Mancari 60 1 2 2
2 Nick Cousins Daniel Carr Erik Condra 40 1 2 2
PowerPlay Defense
Defense Defense Time % Phy DF OF
1 Stefan Elliott Steven Kampfer 60 1 2 2
2 Jarred Tinordi Joel Edmundson 40 1 2 2
Penalty Kill 4 Players Forward
Center Wing Time % Phy DF OF
1 Mark Mancari Tomas Tatar 60 1 2 2
2 Erik Condra Daniel Carr 40 1 2 2
Penalty Kill 4 Players Defense
Defense Defense Time % Phy DF OF
1 Stefan Elliott Steven Kampfer 60 1 2 2
2 Jarred Tinordi Joel Edmundson 40 1 2 2
Penalty Kill - 3 Players Forward
Forward Time % Phy DF OF
1 Mark Mancari 60 1 2 2
2 Tomas Tatar 40 1 2 2
Penalty Kill - 3 Players Defense
Defense Defense Time % Phy DF OF
1 Stefan Elliott Steven Kampfer 60 1 2 2
2 Jarred Tinordi Joel Edmundson 40 1 2 2
4 vs 4 Forward
Center Wing Time % Phy DF OF
1 Mark Mancari Tomas Tatar 60 1 2 2
2 Erik Condra Daniel Carr 40 1 2 2
4 vs 4 Defense
Defense Defense Time % Phy DF OF
1 Stefan Elliott Steven Kampfer 60 1 2 2
2 Jarred Tinordi Joel Edmundson 40 1 2 2
Last Minutes Offensive
Center Left Wing Right Wing Defense Defense
Jonathan Marchessault Tomas Tatar Mark Mancari Stefan Elliott Steven Kampfer
Last Minutes Defensive
Center Left Wing Right Wing Defense Defense
Jonathan Marchessault Tomas Tatar Mark Mancari Stefan Elliott Steven Kampfer
Goaltenders
Starting : Marek Mazanek
Backup : Darcy Kuemper
Extra Forwards
Normal : Martin Frk, Dmitrij Jaskin, Anthony Duclair - PP : Martin Frk, Dmitrij Jaskin - PK : Anthony Duclair
Extra Defensemen
Normal : John Ramage, Connor Carrick, Xavier Ouellet - PP : John Ramage - PK : Connor Carrick, Xavier Ouellet
Penalty Shots
Mark Mancari, Tomas Tatar, Erik Condra, Daniel Carr, Jonathan Marchessault
Scratches
Vincent Trocheck (Healthy), Dominik Kubalik (Healthy), Ryan Murphy (Healthy), Josh Archibald (Healthy), Chris Calhan (Healthy)
Mark Friedman (Healthy), Michael Dal Colle (Healthy), Matteson Iacopelli (Healthy), Sergei Kostenko (Healthy), Antoine Bibeau (Healthy)
% Time on Ice - Remparts
Lines # - Real PCT - Wanted PCT - Time Play
Normal Forward
1 - 36% - 40% - 14:33
2 - 30% - 30% - 12:19
3 - 21% - 20% - 8:32
4 - 13% - 10% - 5:09
Normal Defense
1 - 35% - 40% - 14:10
2 - 39% - 30% - 15:57
3 - 25% - 20% - 10:07
4 - 1% - 10% - 0:19
PP Forward
1 - 55% - 60% - 2:25
2 - 45% - 40% - 1:57
PP Defense
1 - 56% - 60% - 2:26
2 - 44% - 40% - 1:56
PK Forward
1 - 68% - 60% - 8:51
2 - 32% - 40% - 4:14
PK Defense
1 - 75% - 60% - 9:49
2 - 25% - 40% - 3:16
PK3 Forward
1 - 84% - 60% - 1:26
2 - 16% - 40% - 0:16
PK3 Defense
1 - 100% - 60% - 1:42
2 - 0% - 40% - 0:00
44 Forward
1 - 83% - 60% - 4:23
2 - 17% - 40% - 0:55
44 Defense
1 - 46% - 60% - 2:26
2 - 54% - 40% - 2:52
Last Minute Offensive - 0:00
Last Minute Defensive - 0:00
Total
Forward - 65:00
Defense - 65:00
|
% Time on Ice - Sewer Rats
Lines # - Real PCT - Wanted PCT - Time Play
Normal Forward
1 - 33% - 40% - 13:23
2 - 28% - 30% - 11:27
3 - 23% - 20% - 9:29
4 - 15% - 10% - 6:14
Normal Defense
1 - 41% - 40% - 16:49
2 - 30% - 30% - 12:17
3 - 21% - 20% - 8:20
4 - 8% - 10% - 3:07
PP Forward
1 - 54% - 60% - 7:11
2 - 46% - 40% - 6:05
PP Defense
1 - 60% - 60% - 7:59
2 - 40% - 40% - 5:17
PK Forward
1 - 87% - 60% - 3:48
2 - 13% - 40% - 0:34
PK Defense
1 - 65% - 60% - 2:49
2 - 35% - 40% - 1:33
PK3 Forward
1 - 0% - 60%
2 - 0% - 40%
PK3 Defense
1 - 0% - 60%
2 - 0% - 40%
44 Forward
1 - 78% - 60% - 5:21
2 - 22% - 40% - 1:28
44 Defense
1 - 54% - 60% - 3:42
2 - 46% - 40% - 3:07
Last Minute Offensive - 0:00
Last Minute Defensive - 0:00
Total
Forward - 65:00
Defense - 65:00
|
Play-by-Play
1st period
0:01 of 1st period - Jonathan Marchessault wins face-off versus Max Reinhart in neutral zone.
0:06 of 1st period - Slapshot by Steven Kampfer.
0:06 of 1st period - Shot Misses the Net.
0:08 of 1st period - Wrist shot by Jonathan Marchessault.
0:08 of 1st period - Stopped by Garret Sparks with a rebound.
0:10 of 1st period - Wrist shot by Mark Mancari.
0:10 of 1st period - Goal by Mark Mancari - Remparts : 0 - Sewer Rats : 1.
0:11 of 1st period - Nick Cousins wins face-off versus Jonathan Matsumoto in neutral zone.
1:42 of 1st period - Snap shot by Daniel Carr.
1:42 of 1st period - Shot Misses the Net.
1:44 of 1st period - Wrist shot by Erik Condra.
1:44 of 1st period - Stopped by Garret Sparks without a rebound.
1:45 of 1st period - Brendan Perlini wins face-off versus Jonathan Marchessault in Remparts zone.
1:50 of 1st period - John Ramage is hit by Brendan Perlini and loses puck.
1:57 of 1st period - John Ramage is hit by Guillaume Desbiens and loses puck.
2:06 of 1st period - Snap shot by Jonathan Matsumoto.
2:06 of 1st period - Deflect By Brendan Perlini.
2:06 of 1st period - Stopped by Marek Mazanek with a rebound.
2:08 of 1st period - Wrist shot by Jonathan Matsumoto.
2:08 of 1st period - Stopped by Marek Mazanek without a rebound.
2:09 of 1st period - Max Reinhart wins face-off versus Nick Cousins in Sewer Rats zone.
2:22 of 1st period - Niklas Hansson is hit by Erik Condra and loses puck.
2:58 of 1st period - Slapshot by Guillaume Desbiens.
2:58 of 1st period - Shot Misses the Net.
3:02 of 1st period - Wrist shot by Jonathan Matsumoto.
3:02 of 1st period - Stopped by Marek Mazanek with a rebound.
4:30 of 1st period - Slapshot by Steven Kampfer.
4:30 of 1st period - Stopped by Garret Sparks with a rebound.
4:44 of 1st period - William Colbert is hit by Steven Kampfer and loses puck.
4:49 of 1st period - Slapshot by Joseph Blandisi.
4:49 of 1st period - Stopped by Garret Sparks without a rebound.
4:50 of 1st period - Nick Cousins wins face-off versus Max Reinhart in Remparts zone.
4:51 of 1st period - Wrist shot by Erik Condra.
4:51 of 1st period - Stopped by Garret Sparks without a rebound.
4:52 of 1st period - Max Reinhart wins face-off versus Nick Cousins in Remparts zone.
4:54 of 1st period - Minor Penalty to Pontus Aberg for Slashing.
4:55 of 1st period - Max Reinhart wins face-off versus Jonathan Marchessault in Remparts zone.
5:44 of 1st period - Jonathan Marchessault is hit by Michal Jordan and loses puck.
6:50 of 1st period - Jarred Tinordi is hit by Viktor Baldayev and loses puck.
6:54 of 1st period - Penalty to Pontus Aberg is over, Pontus Aberg is back on ice.
7:13 of 1st period - Icing by Martin Frk.
7:14 of 1st period - Jared McCann wins face-off versus Cédric Lalonde-McNicoll in Sewer Rats zone.
7:20 of 1st period - Anthony Duclair is hit by Cédric Lalonde-McNicoll and loses puck.
7:25 of 1st period - Snap shot by Nail Yakupov.
7:25 of 1st period - Stopped by Marek Mazanek with a rebound.
7:39 of 1st period - Slapshot by Joseph Blandisi.
7:39 of 1st period - Shot Misses the Net.
8:05 of 1st period - Wrist shot by Nick Cousins.
8:05 of 1st period - Shot Misses the Net.
8:11 of 1st period - Nick Cousins is hit by Rickard Rakell and loses puck.
8:27 of 1st period - Slapshot by Michal Jordan.
8:27 of 1st period - Deflect By Jake Virtanen.
8:27 of 1st period - Shot Blocked by Jonathan Marchessault.
8:27 of 1st period - Puck is out of play.
8:28 of 1st period - Jonathan Marchessault wins face-off versus Jonathan Matsumoto in Sewer Rats zone.
8:33 of 1st period - Michal Jordan is hit by Tomas Tatar and loses puck.
8:54 of 1st period - Daniel Carr is hit by Max Reinhart and loses puck.
9:00 of 1st period - Steven Kampfer is hit by Michal Jordan and loses puck.
9:03 of 1st period - Wrist shot by Daniel Carr.
9:03 of 1st period - Stopped by Garret Sparks with a rebound.
9:21 of 1st period - Icing by Rickard Rakell.
9:22 of 1st period - Max Reinhart wins face-off versus Jonathan Marchessault in Remparts zone.
9:22 of 1st period - Max Reinhart is hit by Mark Mancari.
10:43 of 1st period - Minor Penalty to Roberts Lipsbergs for Hooking.
10:44 of 1st period - Max Reinhart wins face-off versus Jonathan Marchessault in Remparts zone.
10:49 of 1st period - Snap shot by Rickard Rakell.
10:49 of 1st period - Shot Blocked by Jonathan Marchessault.
10:51 of 1st period - Wrist shot by Max Reinhart.
10:51 of 1st period - Shot Misses the Net.
10:53 of 1st period - Snap shot by Rickard Rakell.
10:53 of 1st period - Stopped by Marek Mazanek without a rebound.
10:54 of 1st period - Max Reinhart wins face-off versus Jonathan Marchessault in Sewer Rats zone.
11:11 of 1st period - Wrist shot by Mark Mancari.
11:11 of 1st period - Shot Misses the Net.
11:16 of 1st period - Off-side.
11:17 of 1st period - Max Reinhart wins face-off versus Nick Cousins in neutral zone.
11:22 of 1st period - Snap shot by Max Reinhart.
11:22 of 1st period - Stopped by Marek Mazanek without a rebound.
11:23 of 1st period - Max Reinhart wins face-off versus Nick Cousins in Sewer Rats zone.
12:02 of 1st period - Slapshot by Nick Cousins.
12:02 of 1st period - Shot Blocked by Viktor Baldayev.
12:06 of 1st period - Wrist shot by Nick Cousins.
12:06 of 1st period - Goal by Nick Cousins - Remparts : 0 - Sewer Rats : 2.
12:07 of 1st period - Jonathan Marchessault wins face-off versus Max Reinhart in neutral zone.
12:42 of 1st period - Snap shot by Anthony Duclair.
12:42 of 1st period - Stopped by Garret Sparks without a rebound.
12:43 of 1st period - Nick Cousins wins face-off versus Max Reinhart in Remparts zone.
12:56 of 1st period - Wrist shot by Daniel Carr.
12:56 of 1st period - Shot Misses the Net.
12:58 of 1st period - Slapshot by Jarred Tinordi.
12:58 of 1st period - Shot Misses the Net.
13:08 of 1st period - Viktor Baldayev is hit by Jonathan Marchessault and loses puck.
13:16 of 1st period - Off-side.
13:17 of 1st period - Cédric Lalonde-McNicoll wins face-off versus Nick Cousins in neutral zone.
13:24 of 1st period - Nick Cousins is hit by William Colbert.
13:52 of 1st period - Icing by William Colbert.
13:53 of 1st period - Max Reinhart wins face-off versus Nick Cousins in Remparts zone.
14:09 of 1st period - Snap shot by Pontus Aberg.
14:09 of 1st period - Stopped by Marek Mazanek with a rebound.
14:32 of 1st period - Minor Penalty to Pontus Aberg for Tripping.
14:33 of 1st period - Max Reinhart wins face-off versus Jonathan Marchessault in Remparts zone.
15:01 of 1st period - Off-side.
15:02 of 1st period - Nick Cousins wins face-off versus Max Reinhart in neutral zone.
15:27 of 1st period - Erik Condra is hit by Guillaume Desbiens and loses puck.
16:06 of 1st period - Snap shot by Erik Condra.
16:06 of 1st period - Goal by Erik Condra - Remparts : 0 - Sewer Rats : 3.
16:07 of 1st period - Jonathan Marchessault wins face-off versus Jonathan Matsumoto in neutral zone.
16:16 of 1st period - Wrist shot by Mark Mancari.
16:16 of 1st period - Shot Blocked by Viktor Baldayev.
16:32 of 1st period - Rickard Rakell is hit by Steven Kampfer and loses puck.
16:41 of 1st period - Wrist shot by Martin Frk.
16:41 of 1st period - Stopped by Garret Sparks without a rebound.
16:42 of 1st period - Jonathan Marchessault wins face-off versus Jonathan Matsumoto in Remparts zone.
16:52 of 1st period - Joel Edmundson is hit by Michal Jordan and loses puck.
17:28 of 1st period - Viktor Baldayev is hit by Joseph Blandisi and loses puck.
17:33 of 1st period - Slapshot by Stefan Elliott.
17:33 of 1st period - Shot Blocked by Niklas Hansson.
17:35 of 1st period - Slapshot by Steven Kampfer.
17:35 of 1st period - Stopped by Garret Sparks with a rebound.
17:37 of 1st period - Slapshot by Stefan Elliott.
17:37 of 1st period - Stopped by Garret Sparks with a rebound.
17:49 of 1st period - Niklas Hansson is hit by Stefan Elliott.
17:50 of 1st period - Niklas Hansson from Remparts is injured at 17:50 of 1st period (Right Hand).
17:51 of 1st period - Max Reinhart wins face-off versus Jonathan Marchessault in Remparts zone.
18:00 of 1st period - Backhand shot by Rickard Rakell.
18:00 of 1st period - Stopped by Marek Mazanek with a rebound.
18:25 of 1st period - Wrist shot by Daniel Carr.
18:25 of 1st period - Shot Blocked by Guillaume Desbiens.
18:41 of 1st period - Backhand shot by Cédric Lalonde-McNicoll.
18:41 of 1st period - Stopped by Marek Mazanek without a rebound.
18:42 of 1st period - Cédric Lalonde-McNicoll wins face-off versus Jonathan Marchessault in Sewer Rats zone.
18:55 of 1st period - Wrist shot by Nail Yakupov.
18:55 of 1st period - Stopped by Marek Mazanek with a rebound.
19:13 of 1st period - Off-side.
19:14 of 1st period - Jonathan Matsumoto wins face-off versus Nick Cousins in neutral zone.
19:18 of 1st period - Off-side.
19:19 of 1st period - Jonathan Marchessault wins face-off versus Jonathan Matsumoto in neutral zone.
19:25 of 1st period - Minor Penalty to Michal Jordan for Delaying the game.
19:26 of 1st period - Mark Mancari wins face-off versus Max Reinhart in Remparts zone.
19:59 of 1st period - Wrist shot by Cédric Lalonde-McNicoll.
19:59 of 1st period - Stopped by Marek Mazanek with a rebound.
Goals for this period are 0 for Remparts vs 3 for Sewer Rats.
Shots for this period are 11 for Remparts vs 13 for Sewer Rats.
2nd period
0:01 of 2nd period - Jonathan Marchessault wins face-off versus Max Reinhart in neutral zone.
0:10 of 2nd period - Slapshot by Steven Kampfer.
0:10 of 2nd period - Stopped by Garret Sparks without a rebound.
0:11 of 2nd period - Jonathan Marchessault wins face-off versus Max Reinhart in Remparts zone.
0:27 of 2nd period - Off-side.
0:28 of 2nd period - Max Reinhart wins face-off versus Jonathan Marchessault in neutral zone.
0:50 of 2nd period - Wrist shot by Nick Cousins.
0:50 of 2nd period - Stopped by Garret Sparks without a rebound.
0:51 of 2nd period - Cédric Lalonde-McNicoll wins face-off versus Daniel Carr in Remparts zone.
1:16 of 2nd period - William Colbert is hit by Tomas Tatar and loses puck.
1:23 of 2nd period - Snap shot by Tomas Tatar.
1:23 of 2nd period - Deflect By Mark Mancari.
1:23 of 2nd period - Shot Blocked by Viktor Baldayev.
1:23 of 2nd period - Puck is out of play.
1:24 of 2nd period - Jonathan Marchessault wins face-off versus Max Reinhart in Remparts zone.
1:25 of 2nd period - Penalty to Michal Jordan is over, Michal Jordan is back on ice.
1:53 of 2nd period - Snap shot by William Colbert.
1:53 of 2nd period - Deflect By Stefan Elliott.
1:53 of 2nd period - Stopped by Marek Mazanek with a rebound.
1:55 of 2nd period - Snap shot by William Colbert.
1:55 of 2nd period - Stopped by Marek Mazanek with a rebound.
1:57 of 2nd period - Snap shot by Guillaume Desbiens.
1:57 of 2nd period - Stopped by Marek Mazanek without a rebound.
1:58 of 2nd period - Jonathan Marchessault wins face-off versus Guillaume Desbiens in Sewer Rats zone.
1:58 of 2nd period - Jonathan Marchessault is hit by Guillaume Desbiens.
2:04 of 2nd period - Snap shot by Jonathan Matsumoto.
2:04 of 2nd period - Stopped by Marek Mazanek without a rebound.
2:05 of 2nd period - Jonathan Matsumoto wins face-off versus Jonathan Marchessault in Sewer Rats zone.
2:12 of 2nd period - Keaton Thompson is hit by Tomas Tatar and loses puck.
2:29 of 2nd period - Wrist shot by Guillaume Desbiens.
2:29 of 2nd period - Stopped by Marek Mazanek without a rebound.
2:30 of 2nd period - Nick Cousins wins face-off versus Max Reinhart in Sewer Rats zone.
2:30 of 2nd period - Nick Cousins is hit by Pontus Aberg.
2:40 of 2nd period - Wrist shot by Nick Cousins.
2:40 of 2nd period - Shot Blocked by Michal Jordan.
3:21 of 2nd period - Snap shot by Max Reinhart.
3:21 of 2nd period - Shot Misses the Net.
3:33 of 2nd period - Wrist shot by Pontus Aberg.
3:33 of 2nd period - Shot Blocked by Dmitrij Jaskin.
3:35 of 2nd period - Wrist shot by Max Reinhart.
3:35 of 2nd period - Goal by Max Reinhart - Remparts : 1 - Sewer Rats : 3.
3:36 of 2nd period - Jonathan Marchessault wins face-off versus Cédric Lalonde-McNicoll in neutral zone.
3:38 of 2nd period - Minor Penalty to Tomas Tatar for Hooking.
3:39 of 2nd period - Mark Mancari wins face-off versus Jonathan Matsumoto in Sewer Rats zone.
3:52 of 2nd period - Minor Penalty to Jonathan Matsumoto for Hooking.
3:53 of 2nd period - Mark Mancari wins face-off versus Max Reinhart in Remparts zone.
3:53 of 2nd period - Slapshot by Stefan Elliott.
3:53 of 2nd period - Shot Misses the Net.
4:06 of 2nd period - Minor Penalty to Michal Jordan for Tripping.
4:07 of 2nd period - Mark Mancari wins face-off versus Max Reinhart in Remparts zone.
4:39 of 2nd period - William Colbert is hit by Martin Frk and loses puck.
4:50 of 2nd period - Slapshot by Rickard Rakell.
4:50 of 2nd period - Shot Misses the Net.
5:16 of 2nd period - Slapshot by Martin Frk.
5:16 of 2nd period - Stopped by Garret Sparks without a rebound.
5:17 of 2nd period - Martin Frk wins face-off versus Max Reinhart in Remparts zone.
5:22 of 2nd period - Slapshot by Stefan Elliott.
5:22 of 2nd period - Stopped by Garret Sparks with a rebound.
5:24 of 2nd period - Wrist shot by Daniel Carr.
5:24 of 2nd period - Stopped by Garret Sparks without a rebound.
5:25 of 2nd period - Max Reinhart wins face-off versus Mark Mancari in Remparts zone.
5:38 of 2nd period - Penalty to Tomas Tatar is over, Tomas Tatar is back on ice.
5:42 of 2nd period - Slapshot by Martin Frk.
5:42 of 2nd period - Deflect By Mark Mancari.
5:42 of 2nd period - Shot Misses the Net.
5:42 of 2nd period - Puck is out of play.
5:43 of 2nd period - Jonathan Marchessault wins face-off versus Max Reinhart in Remparts zone.
5:48 of 2nd period - Snap shot by Jonathan Marchessault.
5:48 of 2nd period - Goal by Jonathan Marchessault - Remparts : 1 - Sewer Rats : 4.
5:48 of 2nd period - Igor Bobkov enters game.
5:49 of 2nd period - Jonathan Marchessault wins face-off versus Max Reinhart in neutral zone.
6:02 of 2nd period - Snap shot by Tomas Tatar.
6:02 of 2nd period - Shot Misses the Net.
6:04 of 2nd period - Slapshot by Jonathan Marchessault.
6:04 of 2nd period - Shot Misses the Net.
6:06 of 2nd period - Penalty to Michal Jordan is over, Michal Jordan is back on ice.
6:14 of 2nd period - Snap shot by Nick Cousins.
6:14 of 2nd period - Shot Misses the Net.
6:36 of 2nd period - William Colbert is hit by Joel Edmundson and loses puck.
6:59 of 2nd period - Slapshot by William Colbert.
6:59 of 2nd period - Shot Misses the Net.
7:43 of 2nd period - Slapshot by Guillaume Desbiens.
7:43 of 2nd period - Shot Misses the Net.
7:45 of 2nd period - Snap shot by Jonathan Matsumoto.
7:45 of 2nd period - Goal by Jonathan Matsumoto - Remparts : 2 - Sewer Rats : 4.
7:46 of 2nd period - Jonathan Marchessault wins face-off versus Max Reinhart in neutral zone.
8:19 of 2nd period - Erik Condra is hit by Jonathan Matsumoto and loses puck.
8:40 of 2nd period - Wrist shot by Nail Yakupov.
8:40 of 2nd period - Shot Misses the Net.
8:58 of 2nd period - Wrist shot by Dmitrij Jaskin.
8:58 of 2nd period - Shot Misses the Net.
9:02 of 2nd period - Slapshot by Dmitrij Jaskin.
9:02 of 2nd period - Shot Misses the Net.
9:14 of 2nd period - Sam Reinhart is hit by Jonathan Marchessault and loses puck.
9:35 of 2nd period - Slapshot by Michal Jordan.
9:35 of 2nd period - Stopped by Marek Mazanek without a rebound.
9:36 of 2nd period - Nick Cousins wins face-off versus Jonathan Matsumoto in Sewer Rats zone.
9:59 of 2nd period - Nick Cousins is hit by Rickard Rakell and loses puck.
10:04 of 2nd period - Slapshot by Rickard Rakell.
10:04 of 2nd period - Shot Blocked by Nick Cousins.
10:12 of 2nd period - Wrist shot by Erik Condra.
10:12 of 2nd period - Shot Blocked by Michal Jordan.
10:14 of 2nd period - Snap shot by Daniel Carr.
10:14 of 2nd period - Stopped by Igor Bobkov without a rebound.
10:15 of 2nd period - Nail Yakupov wins face-off versus Jonathan Marchessault in Remparts zone.
11:14 of 2nd period - Backhand shot by Guillaume Desbiens.
11:14 of 2nd period - Shot Misses the Net.
11:16 of 2nd period - Snap shot by Jonathan Matsumoto.
11:16 of 2nd period - Shot Misses the Net.
11:39 of 2nd period - Minor Penalty to Nelson Nogier for Hooking.
11:40 of 2nd period - Jonathan Marchessault wins face-off versus Max Reinhart in Remparts zone.
11:42 of 2nd period - Slapshot by Jonathan Marchessault.
11:42 of 2nd period - Deflect By Max Reinhart.
11:42 of 2nd period - Stopped by Igor Bobkov without a rebound.
11:43 of 2nd period - Tomas Tatar wins face-off versus Max Reinhart in Remparts zone.
13:39 of 2nd period - Penalty to Nelson Nogier is over, Nelson Nogier is back on ice.
13:58 of 2nd period - Icing by Guillaume Desbiens.
13:59 of 2nd period - Tyler Motte wins face-off versus Jonathan Matsumoto in Remparts zone.
14:33 of 2nd period - Martin Frk is hit by Guillaume Desbiens and loses puck.
15:12 of 2nd period - Slapshot by Max Reinhart.
15:12 of 2nd period - Shot Misses the Net.
15:14 of 2nd period - Wrist shot by Pontus Aberg.
15:14 of 2nd period - Stopped by Marek Mazanek without a rebound.
15:15 of 2nd period - Jonathan Marchessault wins face-off versus Rickard Rakell in Sewer Rats zone.
15:15 of 2nd period - Jonathan Marchessault is hit by Rickard Rakell.
15:29 of 2nd period - Slapshot by Tomas Tatar.
15:29 of 2nd period - Stopped by Igor Bobkov with a rebound.
15:47 of 2nd period - Wrist shot by Erik Condra.
15:47 of 2nd period - Stopped by Igor Bobkov without a rebound.
15:48 of 2nd period - Nick Cousins wins face-off versus Cédric Lalonde-McNicoll in Remparts zone.
15:49 of 2nd period - Snap shot by Daniel Carr.
15:49 of 2nd period - Shot Misses the Net.
16:52 of 2nd period - Wrist shot by Nail Yakupov.
16:52 of 2nd period - Stopped by Marek Mazanek without a rebound.
16:53 of 2nd period - Jonathan Marchessault wins face-off versus Cédric Lalonde-McNicoll in Sewer Rats zone.
17:04 of 2nd period - Snap shot by Tomas Tatar.
17:04 of 2nd period - Shot Blocked by Keaton Thompson.
17:18 of 2nd period - Snap shot by Cédric Lalonde-McNicoll.
17:18 of 2nd period - Deflect By Rickard Rakell.
17:18 of 2nd period - Stopped by Marek Mazanek with a rebound.
18:06 of 2nd period - Snap shot by Sam Reinhart.
18:06 of 2nd period - Stopped by Marek Mazanek with a rebound.
18:08 of 2nd period - Slapshot by Viktor Baldayev.
18:08 of 2nd period - Stopped by Marek Mazanek without a rebound.
18:09 of 2nd period - Max Reinhart wins face-off versus Jonathan Marchessault in Sewer Rats zone.
18:34 of 2nd period - Erik Condra is hit by Matt Puempel.
18:46 of 2nd period - Slapshot by Stefan Elliott.
18:46 of 2nd period - Deflect By Daniel Carr.
18:46 of 2nd period - Stopped by Igor Bobkov with a rebound.
19:06 of 2nd period - Snap shot by Martin Frk.
19:06 of 2nd period - Stopped by Igor Bobkov without a rebound.
19:07 of 2nd period - Max Reinhart wins face-off versus Mark Mancari in Remparts zone.
19:07 of 2nd period - Max Reinhart is hit by Joel Edmundson.
19:13 of 2nd period - Mark Mancari is hit by Max Reinhart and loses puck.
19:34 of 2nd period - Daniel Carr is hit by Viktor Baldayev.
19:41 of 2nd period - Minor Penalty to Brendan Perlini for Roughing.
19:42 of 2nd period - Jonathan Marchessault wins face-off versus Max Reinhart in Remparts zone.
Goals for this period are 2 for Remparts vs 1 for Sewer Rats.
Shots for this period are 13 for Remparts vs 12 for Sewer Rats.
3rd period
0:01 of 3rd period - Jonathan Marchessault wins face-off versus Max Reinhart in neutral zone.
0:32 of 3rd period - Snap shot by Erik Condra.
0:32 of 3rd period - Shot Misses the Net.
0:46 of 3rd period - Tomas Tatar is hit by Cédric Lalonde-McNicoll and loses puck.
0:51 of 3rd period - Snap shot by Cédric Lalonde-McNicoll.
0:51 of 3rd period - Stopped by Marek Mazanek with a rebound.
0:53 of 3rd period - Wrist shot by Michal Jordan.
0:53 of 3rd period - Deflect By Cédric Lalonde-McNicoll.
0:53 of 3rd period - Shot Blocked by Jonathan Marchessault.
0:53 of 3rd period - Puck is out of play.
0:54 of 3rd period - Nick Cousins wins face-off versus Cédric Lalonde-McNicoll in Sewer Rats zone.
1:41 of 3rd period - Penalty to Brendan Perlini is over, Brendan Perlini is back on ice.
1:55 of 3rd period - Snap shot by Martin Frk.
1:55 of 3rd period - Shot Misses the Net.
1:57 of 3rd period - Slapshot by Jarred Tinordi.
1:57 of 3rd period - Stopped by Igor Bobkov with a rebound.
2:19 of 3rd period - Slapshot by Sam Reinhart.
2:19 of 3rd period - Shot Blocked by Joel Edmundson.
2:57 of 3rd period - Nelson Nogier is hit by Jonathan Marchessault and loses puck.
3:12 of 3rd period - Icing by Connor Carrick.
3:13 of 3rd period - Sam Reinhart wins face-off versus Jared McCann in Sewer Rats zone.
3:18 of 3rd period - Slapshot by William Colbert.
3:18 of 3rd period - Stopped by Marek Mazanek without a rebound.
3:19 of 3rd period - Jonathan Marchessault wins face-off versus Jonathan Matsumoto in Sewer Rats zone.
3:19 of 3rd period - Jonathan Marchessault is hit by Jonathan Matsumoto.
3:49 of 3rd period - Minor Penalty to Erik Condra for Tripping.
3:50 of 3rd period - Max Reinhart wins face-off versus Mark Mancari in Sewer Rats zone.
3:51 of 3rd period - Snap shot by Rickard Rakell.
3:51 of 3rd period - Goal by Rickard Rakell - Remparts : 3 - Sewer Rats : 4.
3:52 of 3rd period - Max Reinhart wins face-off versus Jonathan Marchessault in neutral zone.
4:02 of 3rd period - Minor Penalty to Tomas Tatar for Hooking.
4:03 of 3rd period - Max Reinhart wins face-off versus Mark Mancari in Sewer Rats zone.
4:04 of 3rd period - Slapshot by Rickard Rakell.
4:04 of 3rd period - Shot Misses the Net.
4:08 of 3rd period - Slapshot by Max Reinhart.
4:08 of 3rd period - Stopped by Marek Mazanek with a rebound.
4:10 of 3rd period - Wrist shot by Pontus Aberg.
4:10 of 3rd period - Shot Misses the Net.
4:12 of 3rd period - Wrist shot by Rickard Rakell.
4:12 of 3rd period - Shot Blocked by Stefan Elliott.
4:14 of 3rd period - Snap shot by Max Reinhart.
4:14 of 3rd period - Goal by Max Reinhart - Remparts : 4 - Sewer Rats : 4.
4:15 of 3rd period - Max Reinhart wins face-off versus Jonathan Marchessault in neutral zone.
4:48 of 3rd period - Snap shot by Daniel Carr.
4:48 of 3rd period - Stopped by Igor Bobkov with a rebound.
4:50 of 3rd period - Snap shot by Stefan Elliott.
4:50 of 3rd period - Stopped by Igor Bobkov without a rebound.
4:51 of 3rd period - Max Reinhart wins face-off versus Jared McCann in Remparts zone.
5:04 of 3rd period - Slapshot by Martin Frk.
5:04 of 3rd period - Deflect By Jared McCann.
5:04 of 3rd period - Shot Misses the Net.
5:04 of 3rd period - Puck is out of play.
5:05 of 3rd period - Jonathan Marchessault wins face-off versus Max Reinhart in Remparts zone.
5:26 of 3rd period - Minor Penalty to Jonathan Marchessault for Hooking.
5:27 of 3rd period - Mark Mancari wins face-off versus Max Reinhart in Sewer Rats zone.
6:17 of 3rd period - Jarred Tinordi is hit by Rickard Rakell and loses puck.
7:21 of 3rd period - Minor Penalty to Michal Jordan for Hooking.
7:22 of 3rd period - Mark Mancari wins face-off versus Max Reinhart in Remparts zone.
7:26 of 3rd period - Penalty to Jonathan Marchessault is over, Jonathan Marchessault is back on ice.
9:13 of 3rd period - Jake Virtanen is hit by Steven Kampfer and loses puck.
9:21 of 3rd period - Penalty to Michal Jordan is over, Michal Jordan is back on ice.
9:31 of 3rd period - Slapshot by Anthony Duclair.
9:31 of 3rd period - Shot Hit the Post.
9:35 of 3rd period - Slapshot by Martin Frk.
9:35 of 3rd period - Stopped by Igor Bobkov with a rebound.
9:37 of 3rd period - Snap shot by Anthony Duclair.
9:37 of 3rd period - Deflect By Jake Virtanen.
9:37 of 3rd period - Stopped by Igor Bobkov with a rebound.
9:53 of 3rd period - Snap shot by Dmitrij Jaskin.
9:53 of 3rd period - Shot Misses the Net.
12:41 of 3rd period - Slapshot by Stefan Elliott.
12:41 of 3rd period - Shot Blocked by Viktor Baldayev.
13:05 of 3rd period - Jarred Tinordi is hit by Rickard Rakell and loses puck.
15:19 of 3rd period - Nail Yakupov is hit by Steven Kampfer and loses puck.
15:42 of 3rd period - Minor Penalty to Jared McCann for Holding.
15:43 of 3rd period - Mark Mancari wins face-off versus Pontus Aberg in Sewer Rats zone.
16:10 of 3rd period - Viktor Baldayev is hit by Tomas Tatar and loses puck.
16:27 of 3rd period - William Colbert is hit by Erik Condra and loses puck.
17:25 of 3rd period - Nick Cousins is hit by Michal Jordan and loses puck.
17:42 of 3rd period - Penalty to Jared McCann is over, Jared McCann is back on ice.
17:48 of 3rd period - Jared McCann is hit by Roberts Lipsbergs and loses puck.
17:49 of 3rd period - Jared McCann from Sewer Rats is injured at 17:49 of 3rd period (Abdominal Strain).
17:50 of 3rd period - Cédric Lalonde-McNicoll wins face-off versus Anthony Duclair in Sewer Rats zone.
18:38 of 3rd period - Wrist shot by Nick Cousins.
18:38 of 3rd period - Stopped by Igor Bobkov without a rebound.
18:39 of 3rd period - Cédric Lalonde-McNicoll wins face-off versus Nick Cousins in Remparts zone.
19:15 of 3rd period - Off-side.
19:16 of 3rd period - Cédric Lalonde-McNicoll wins face-off versus Dmitrij Jaskin in neutral zone.
19:23 of 3rd period - Wrist shot by Nail Yakupov.
19:23 of 3rd period - Stopped by Marek Mazanek with a rebound.
19:25 of 3rd period - Snap shot by Nelson Nogier.
19:25 of 3rd period - Deflect By Cédric Lalonde-McNicoll.
19:25 of 3rd period - Shot Misses the Net.
19:25 of 3rd period - Puck is out of play.
19:26 of 3rd period - Cédric Lalonde-McNicoll wins face-off versus Dmitrij Jaskin in Sewer Rats zone.
19:41 of 3rd period - Snap shot by Nail Yakupov.
19:41 of 3rd period - Stopped by Marek Mazanek with a rebound.
19:43 of 3rd period - Snap shot by Cédric Lalonde-McNicoll.
19:43 of 3rd period - Stopped by Marek Mazanek with a rebound.
19:45 of 3rd period - Snap shot by Cédric Lalonde-McNicoll.
19:45 of 3rd period - Shot Misses the Net.
19:47 of 3rd period - Snap shot by Matt Puempel.
19:47 of 3rd period - Shot Misses the Net.
19:49 of 3rd period - Wrist shot by Cédric Lalonde-McNicoll.
19:49 of 3rd period - Shot Misses the Net.
19:59 of 3rd period - Wrist shot by Cédric Lalonde-McNicoll.
19:59 of 3rd period - Shot Misses the Net.
Goals for this period are 2 for Remparts vs 0 for Sewer Rats.
Shots for this period are 8 for Remparts vs 6 for Sewer Rats.
Overtime #1
0:01 of 1st overtime period - Max Reinhart wins face-off versus Mark Mancari in neutral zone.
0:09 of 1st overtime period - Rickard Rakell is hit by Stefan Elliott and loses puck.
0:55 of 1st overtime period - Slapshot by Daniel Carr.
0:55 of 1st overtime period - Stopped by Igor Bobkov with a rebound.
1:19 of 1st overtime period - Slapshot by Dmitrij Jaskin.
1:19 of 1st overtime period - Shot Misses the Net.
2:00 of 1st overtime period - Icing by Jarred Tinordi.
2:01 of 1st overtime period - Sam Reinhart wins face-off versus Dmitrij Jaskin in Sewer Rats zone.
2:30 of 1st overtime period - Jonathan Matsumoto is hit by Daniel Carr and loses puck.
2:45 of 1st overtime period - Rickard Rakell is hit by Jarred Tinordi and loses puck.
Goals for this period are 0 for Remparts vs 0 for Sewer Rats.
Shots for this period are 0 for Remparts vs 1 for Sewer Rats.
ShootOut
5:00 of 1st overtime period - Round #1.
5:00 of 1st overtime period - Remparts, Jonathan Matsumoto.
5:00 of 1st overtime period - Wrist shot by Jonathan Matsumoto.
5:00 of 1st overtime period - Goal by Jonathan Matsumoto.
5:00 of 1st overtime period - Sewer Rats, Mark Mancari.
5:00 of 1st overtime period - Deke by Mark Mancari.
5:00 of 1st overtime period - Stopped by Igor Bobkov.
5:00 of 1st overtime period - Round #2.
5:00 of 1st overtime period - Remparts, Cédric Lalonde-McNicoll.
5:00 of 1st overtime period - Snap shot by Cédric Lalonde-McNicoll.
5:00 of 1st overtime period - Goal by Cédric Lalonde-McNicoll.
5:00 of 1st overtime period - Sewer Rats, Tomas Tatar.
5:00 of 1st overtime period - Deke by Tomas Tatar.
5:00 of 1st overtime period - Stopped by Igor Bobkov.
5:00 of 1st overtime period - Round #3.
Back to the Top